 Dungeon Sprint DCSS version 0.17-a0-1667-g4ca74a1 (webtiles) character file.

4 Kidiri the Sneak (level 1, 0/9 HPs)
             Began as a Spriggan Enchanter on Aug 17, 2015.
             Was a Follower of Dithmenos.
             Succumbed to a worker ant's poison
             ... in the Dungeon (Sprint VII: "The Pits").
             The game lasted 00:01:30 (251 turns).

Kidiri the Sneak (Spriggan Enchanter)                Turns: 251, Time: 00:01:30

Health: 0/9        AC:  3    Str:  4    XL:     1   Next: 58%
Magic:  5/5        EV: 19    Int: 16    God:    Dithmenos [*.....]
Gold:   0          SH:  0    Dex: 16    Spells: 1 memorised, 5 levels left

rFire  . . .     SeeInvis +     a - +2 dagger (speed)
rCold  . . .     Clarity  .     b - +1 robe
rNeg   . . .     SustAt   .     (shield restricted)
rPois  .         Gourm    .     (helmet restricted)
rElec  .         Spirit   .     (no cloak)
rCorr  .         Warding  .     (gloves unavailable)
rMut   .         NoTele   +     (boots unavailable)
MR     .....                    (no amulet)
Stlth  ++++......               (no ring)
                                (no ring)

@: lethally poisoned (0 -> -8), wreathed by umbra, very quick, not resistant to
hostile enchantments, stealthy
A: unfitting armour, see invisible, herbivore 3, speed 3, slow metabolism 2
a: Renounce Religion


You were in the Dungeon.
You worshipped Dithmenos.
Dithmenos was aware of your devotion.
You were not hungry.

You visited 1 branch

Inventory:

Hand weapons
 a - a +2 dagger of speed (weapon)
Armour
 b - a +1 robe (worn)
Scrolls
 j - a scroll of blinking
 m - 3 scrolls of remove curse
 n - 5 scrolls of amnesia
 o - a scroll of summoning
Potions
 g - a potion of haste
 h - 4 potions of magic
 i - 3 potions of berserk rage
 l - 2 potions of invisibility
Books
 c - a book of Maledictions

   Spells                             Type                      Level
   a - Corona                         Hexes                        1
   b - Ensorcelled Hibernation        Hexes/Ice                    2
   c - Confuse                        Hexes                        3
   d - Tukima's Dance                 Hexes                        3
   e - Dazzling Spray                 Conjuration/Hexes            3
Comestibles
 d - 8 bread rations
 k - 40 fruits


   Skills:
 + Level 1.5 Short Blades
 * Level 3.8 Dodging
 * Level 5.3 Stealth
 * Level 3.2 Spellcasting
 + Level 3.8 Hexes
 + Level 0.0 Invocations


You had 5 spell levels left.
You knew the following spells:

 Your Spells              Type           Power        Failure   Level  Hunger
a - Corona                Hex            ##.....      4%          1    None


Dungeon Overview and Level Annotations

Branches:
Dungeon (1/1)

Altars:
Ashenzari
Cheibriados
Dithmenos
Elyvilon
Fedhas
Gozag
Kikubaaqudgha
Makhleb
Nemelex Xobeh
Okawaru
Qazlal
Ru
Sif Muna
Trog
Vehumet
Xom
Yredelemnul
Zin
The Shining One
Beogh
Jiyva
Lugonu


Innate Abilities, Weirdness & Mutations

You are tiny and cannot use many weapons and most armour.
You have supernaturally acute eyesight.
You are a herbivore.
You cover ground extremely quickly.
You need consume almost no food.


Message History

You feel much better.
You feel sick. The worker ant misses you.
You hit the worker ant but do no damage.
The worker ant is lightly wounded.
You feel sick. The worker ant barely misses you.
You barely miss the worker ant.
The worker ant is lightly wounded.
You completely miss the worker ant.
The worker ant is lightly wounded.
The worker ant bites you.
Ouch! That really hurt!
* * * LOW HITPOINT WARNING * * *
You barely miss the worker ant.
The worker ant is lightly wounded.
* * * LOW HITPOINT WARNING * * *
You feel sick. The worker ant closely misses you.
You closely miss the worker ant.
The worker ant is lightly wounded.
You closely miss the worker ant.
The worker ant is lightly wounded.
You die...

############ #__________#
#__________#
#.#####+##############++###
#_#)))+.+%.##..............
#_#)))#.#?(##......#..#....
#######+#####..............
#.......ga@.'..............
#+#####'#####......#..#....
#.(g)Z##..............
#####'#####+#####++###
#.....##.......#
#.....##.......#
###g####.......#
#..Z..##...<...#
.F....Z.##.......#


You could see a worker ant and a goblin.

Vanquished Creatures
  A goblin (D)
  2 kobolds (D)
  A bat (D)
  A rat (D)
5 creatures vanquished.

Notes
Turn   | Place    | Note
--------------------------------------------------------------
     0 | D        | Kidiri the Spriggan Enchanter began the quest for the Orb.
     0 | D        | Reached XP level 1. HP: 9/9 MP: 5/5
    64 | D        | Found a sacrificial altar of Ru.
    64 | D        | Found a basalt altar of Yredelemnul.
    64 | D        | Found a shadowy altar of Dithmenos.
    64 | D        | Found a deep blue altar of Sif Muna.
    64 | D        | Found a burning altar of Makhleb.
    64 | D        | Found a shimmering altar of Xom.
    64 | D        | Found an ancient bone altar of Kikubaaqudgha.
    64 | D        | Found a sparkling altar of Nemelex Xobeh.
    65 | D        | Found a glowing golden altar of the Shining One.
    65 | D        | Found a bloodstained altar of Trog.
    65 | D        | Found a shattered altar of Ashenzari.
    65 | D        | Found a white marble altar of Elyvilon.
    65 | D        | Found a snail-covered altar of Cheibriados.
    65 | D        | Found a blossoming altar of Fedhas.
    65 | D        | Found a radiant altar of Vehumet.
    65 | D        | Found a glowing silver altar of Zin.
    65 | D        | Found a corrupted altar of Lugonu.
    65 | D        | Found a viscous altar of Jiyva.
    65 | D        | Found a roughly hewn altar of Beogh.
    65 | D        | Found an iron altar of Okawaru.
    68 | D        | Became a worshipper of Dithmenos the Shadowed
    72 | D        | Found a stormy altar of Qazlal.
    72 | D        | Found an opulent altar of Gozag.
   202 | D        | Reached skill level 5 in Stealth
   218 | D        | Noticed a worker ant
   219 | D        | Noticed a giant frog
   251 | D        | Succumbed to a worker ant's poison

Vault maps used:
D:        pitsprint

Action                   || total
-------------------------++-------
Melee: Dagger            ||    23
  Use: Potion            ||     2
 Stab: Sleeping          ||     2
